cohdb
Replays
Latest Replays
All Replays
Popular Replays
Top Player Replays
Match Explorer
How It Works
Community
CoH3 Stats
Reddit
Sign in to upload your games and track your stats! →
Sign in with Steam
Match 44951136
Unlisted
Match 44951136
Overview
Messages
Build Orders
End
Kradschützen Motorcycle Team
Selects Italian Combined Arms Battlegroup
Selects Bersaglieri Squad
Bersaglieri Squad
Bersaglieri Squad
Construct Light Support Kompanie
Bersaglieri Squad
Fire Support Elements
Flakvierling Half-track
Selects Bersaglieri Bolster
2.5-tonne Medical Truck
Flakvierling Half-track
Stormless
Grunka Lunka
AUS Potato
1136234805
0
0
Comments
sign in to comment!
No comments posted yet!